 Dungeon Crawl Stone Soup version 0.21-a0-513-gdcb3f5e (webtiles) character file.

10349 mortelune the Reanimator (level 11, -3/97 HPs)
             Began as a Deep Dwarf Necromancer on Dec 2, 2017.
             Was a Priest of Makhleb.
             Slain by a purple ugly thing (14 damage)
             ... on level 11 of the Dungeon.
             The game lasted 01:37:49 (17249 turns).

mortelune the Reanimator (Deep Dwarf Necromancer)  Turns: 17249, Time: 01:37:50

Health: -3/97      AC:  7    Str: 13    XL:     11   Next: 35%
Magic:  12/22      EV: 15    Int: 18    God:    Makhleb [***...]
Gold:   534        SH:  0    Dex: 13    Spells: 12/25 levels left

rFire    + . .     SeeInvis +   V - +4 battleaxe
rCold    . . .     Gourm    .   (shield currently unavailable)
rNeg     . . .     Faith    .   x - +1 leather armour {rF+}
rPois    .         Spirit   .   (no helmet)
rElec    .         Reflect  .   (no cloak)
rCorr    .         Harm     .   C - +0 pair of gloves
MR       ++...                  T - +1 pair of boots
Stlth    +.........             (no amulet)
HPRegen  0.00/turn              l - ring of see invisible
MPRegen  0.18/turn              P - ring of protection from magic

@: very slightly contaminated, non-regenerating, heavily drained
A: damage resistance, heal wounds, sense surroundings 2, no regeneration
a: Heal Wounds, Minor Destruction, Lesser Servant of Makhleb, Renounce Religion


You were on level 11 of the Dungeon.
You worshipped Makhleb.
Makhleb was most pleased with you.
You were not hungry.

You visited 2 branches of the dungeon, and saw 12 of its levels.
You also visited: Sewer.

You collected 534 gold pieces.

Inventory:

Hand Weapons
 d - a +0 whip
 e - a +0 dagger
 i - a +3 whip of draining
 B - a +0 whip of electrocution
 V - a +4 battleaxe (weapon)
Armour
 g - a +0 pair of gloves of dexterity
 j - a +0 pair of boots
 x - a +1 leather armour of fire resistance (worn)
 C - a +0 pair of gloves (worn)
 E - a +0 shield
 I - a +0 shield
 T - a +1 pair of boots (worn)
Jewellery
 l - a ring of see invisible (left hand)
 A - an uncursed amulet of rage {unknown}
 P - a ring of protection from magic (right hand)
 S - an uncursed amulet of the gourmand {unknown}
 U - an uncursed amulet of guardian spirit {unknown}
Wands
 h - a wand of disintegration (8)
 M - a wand of digging (16)
 Q - a wand of iceblast (20)
Scrolls
 n - a scroll of enchant weapon
 o - 2 scrolls of blinking {unknown}
 r - 2 scrolls of remove curse
 s - 2 scrolls of enchant armour {unknown}
 t - a scroll of fear
 y - a scroll of fog {unknown}
 D - a scroll of noise {unknown}
 F - a scroll of magic mapping
 J - a scroll of amnesia {unknown}
 K - 7 scrolls of teleportation
 N - a scroll of immolation {unknown}
Potions
 f - 2 potions of degeneration
 k - 2 potions of curing
 m - a potion of might {unknown}
 p - 4 potions of haste
 u - a potion of ambrosia {unknown}
 w - 2 potions of mutation
 G - 3 potions of lignification
 H - 2 potions of cancellation {unknown}
 L - 4 potions of flight {unknown}
 O - a potion of invisibility {unknown}
Books
 b - a book of Necromancy

   Spells                             Type                      Level
   a - Pain                           Necromancy                   1
   b - Animate Skeleton               Necromancy                   1
   c - Vampiric Draining              Necromancy                   3
   d - Regeneration                   Charms/Necromancy            3
   e - Animate Dead                   Necromancy                   4
   f - Control Undead                 Necromancy                   4
Miscellaneous
 R - a fan of gales
Comestibles
 a - a meat ration
 c - 9 bread rations


   Skills:
 + Level 6.1(3.8) Fighting
 * Level 1.1(0.0) Maces & Flails
 + Level 3.1(1.0) Armour
 + Level 9.9(7.3) Dodging
 - Level 2.4(0.3) Stealth
 + Level 0.9(0.0) Shields
 + Level 7.6(5.2) Spellcasting
 + Level 10.6(7.9) Necromancy
 + Level 6.9(4.5) Invocations


You had 12 spell levels left.
You knew the following spells:

 Your Spells              Type           Power        Failure   Level  Hunger
a - Pain                  Necr           ####         1%          1    None
b - Animate Skeleton      Necr           N/A          1%          1    None
c - Vampiric Draining     Necr           ####......   1%          3    ##.....
d - Animate Dead          Necr           N/A          6%          4    ####...
e - Control Undead        Necr           ####......   6%          4    ####...


Dungeon Overview and Level Annotations

Branches:
Dungeon (11/15)            Temple (1/1) D:6            Lair (0/6) D:8
    Orc: D:9-12

Altars:
Ashenzari
Cheibriados
Dithmenos
Elyvilon
Fedhas
Gozag
Hepliaklqana
Kikubaaqudgha
Makhleb
Nemelex Xobeh
Okawaru
Qazlal
Ru
Sif Muna
Trog
Uskayaw
Vehumet
Wu Jian
Xom
Yredelemnul
Zin
The Shining One

Annotations:
D:5 1 runed door
D:7 Regeox's ghost, novice HOFi
D:11 Erica


Innate Abilities, Weirdness & Mutations

You are resistant to damage.
You can heal yourself by infusing magical energy.
You passively map the area around you.
You do not regenerate.


Message History

You barely miss the purple ugly thing.
The purple ugly thing is heavily wounded.
Your centaur zombie closely misses the purple ugly thing.
Your centaur zombie hits the purple ugly thing.
The purple ugly thing barely misses you.
You closely miss the purple ugly thing.
The purple ugly thing is heavily wounded.
Your centaur zombie hits the purple ugly thing.
The purple ugly thing punches your centaur zombie!
Your centaur zombie hits the purple ugly thing.
The purple ugly thing punches your centaur zombie!!
Your centaur zombie barely misses the purple ugly thing.
You barely miss the purple ugly thing.
The purple ugly thing is severely wounded.
Your centaur zombie barely misses the purple ugly thing.
The purple ugly thing punches you!
* * * LOW HITPOINT WARNING * * *
Your centaur zombie hits the purple ugly thing.
The purple ugly thing punches you!!
You die...

#...........# * ,
, , #.........# ,
* , #..<((.).# , *
########.#### # *
#.......##.# * *
#..........# , ,
,* *
#.##.##.##.#### ,
,
,,...*#....Zu....#
* ** ##.
####.@####.# * * *
# .......(# , ,* ,
,* * #######.# *,*
, * * ,, * #..,, *
≈ * ###. , , ,*≈
.* * ,* , *,#,* *
,, *, ,,,,* , * *


You could see a purple ugly thing and a friendly centaur zombie.

Vanquished Creatures
  Pikel (D:3)
  Psyche (D:8)
  A gargoyle (D:10)
  2 hippogriffs (D:8)
  A spriggan (D:7)
  Sigmund (D:2)
  5 yaks (D:9)
  Menkaure (D:4)
  A water moccasin (D:4)
  4 porcupines (D:8)
  2 ice beasts
  2 necrophages (D:7)
  3 black bears
  3 orc warriors
  3 sky beasts
  2 slaves (D:4)
  3 ogres
  4 phantoms
  A wolf (D:8)
  5 centaurs
  11 big kobolds
  3 crocodiles (D:8)
  7 bullfrogs
  Blork the orc (D:9)
  A gnoll sergeant (D:9)
  7 scorpions
  15 killer bees
  4 wights (D:10)
  A howler monkey (D:7)
  A centaur zombie (D:8)
  3 jellies
  3 bullfrog zombies
  4 orc wizards
  5 orc priests
  A centaur skeleton (D:4)
  2 hounds
  A bullfrog skeleton (D:7)
  Ijyb (D:4)
  5 iguanas
  6 worker ants
  A hound skeleton (D:8)
  A worker ant zombie (D:5)
  6 gnolls
  11 adders
  A river rat (Sewer)
  A shadow imp (D:5)
  3 oozes
  An adder skeleton (D:2)
  An adder zombie (D:6)
  6 worms
  20 orcs
  4 giant cockroaches
  7 goblins
  5 hobgoblins
  5 jackals
  3 quokkas
  4 ball pythons
  6 bats
  5 frilled lizards
  19 kobolds
  3 rats
241 creatures vanquished.

Vanquished Creatures (collateral kills)
  2 two-headed ogres (D:9)
  A troll (D:9)
  A basilisk (D:8)
  A slave (D:4)
  A centaur (D:7)
  An ogre (D:4)
  4 killer bees (D:9)
  A scorpion (D:9)
  A centaur zombie (D:5)
  A crimson imp (D:5)
  A jelly (D:5)
  An orc priest (D:3)
  A worker ant zombie (D:7)
  A gnoll (D:7)
  An adder (D:9)
  A worm (D:5)
  2 dart slugs
  2 orcs
  A giant cockroach (D:4)
  3 jackals
  3 ball pythons
  A bat (D:2)
  3 kobolds (Sewer)
35 creatures vanquished.

Vanquished Creatures (others)
  A fungus (D:8)
  11 plants (D:8)
12 creatures vanquished.

Grand Total: 288 creatures vanquished

Notes
Turn   | Place    | Note
-------+----------+-------------------------------------------
     0 | D:1      | mortelune the Deep Dwarf Necromancer began the quest for the Orb.
     0 | D:1      | Reached XP level 1. HP: 15/15 MP: 3/3
    59 | D:1      | Learned a level 1 spell: Animate Skeleton
  1068 | D:1      | Reached XP level 2. HP: 20/22 MP: 0/5
  2079 | D:2      | Reached XP level 3. HP: 26/28 MP: 1/6
  2085 | D:2      | Learned a level 3 spell: Vampiric Draining
  2176 | D:2      | Found a snail-covered altar of Cheibriados.
  2332 | D:2      | Noticed Sigmund
  2344 | D:2      | Killed Sigmund
  2344 | D:2      | Reached skill level 5 in Necromancy
  2344 | D:2      | Reached XP level 4. HP: 15/36 MP: 0/8
  2344 | D:2      | Reached XP level 5. HP: 18/42 MP: 0/9
  2943 | D:2      | Found a shattered altar of Ashenzari.
  3963 | D:3      | Found a stormy altar of Qazlal.
  4096 | D:3      | Found a hazy altar of Hepliaklqana.
  4178 | D:3      | Noticed an ogre
  4217 | D:3      | Killed an ogre
  4217 | D:3      | Reached skill level 6 in Necromancy
  4217 | D:3      | Reached XP level 6. HP: 25/49 MP: 0/11
  4607 | D:4      | Noticed Menkaure
  4650 | D:4      | Noticed a slave
  5087 | D:4      | Reached skill level 5 in Dodging
  5087 | D:4      | Reached XP level 7. HP: 49/55 MP: 0/12
  5388 | D:4      | Found a shattered altar of Ashenzari.
  5400 | D:4      | Noticed Ijyb
  5412 | D:4      | Killed Ijyb
  5517 | D:4      | Learned a level 4 spell: Animate Dead
  5878 | D:4      | Noticed Pikel
  6107 | D:3      | Killed Pikel
  6107 | D:3      | Reached skill level 7 in Necromancy
  6107 | D:3      | Reached XP level 8. HP: 41/62 MP: 1/15
  6287 | D:5      | Entered Level 5 of the Dungeon
  6348 | D:5      | Reached skill level 1 in Fighting
  6348 | D:5      | Reached skill level 5 in Spellcasting
  6391 | D:4      | HP: 2/64 [Menkaure (12)]
  6398 | D:4      | Killed Menkaure
  6408 | D:4      | Learned a level 4 spell: Control Undead
  6711 | D:4      | Reached skill level 8 in Necromancy
  6729 | D:5      | Found a glowing drain.
  6742 | Sewer    | Entered a sewer
  7428 | Sewer    | Gained mutation: You passively map the area around you. [Deep Dwarf growth]
  7428 | Sewer    | Reached XP level 9. HP: 64/74 MP: 12/17
  8434 | D:5      | Found a sacrificial altar of Ru.
  8435 | D:5      | Found a white marble altar of Elyvilon.
  8524 | D:5      | Found a runed door.
  8597 | D:6      | Found a hide-covered altar of Uskayaw.
  9008 | D:6      | Found a staircase to the Ecumenical Temple.
  9034 | Temple   | Entered the Ecumenical Temple
  9120 | Temple   | Became a worshipper of Makhleb the Destroyer
  9600 | D:7      | Reached skill level 9 in Necromancy
  9634 | D:7      | Reached skill level 1 in Invocations
  9906 | D:7      | Found a bloodstained altar of Trog.
 10116 | D:7      | Found an iron altar of Okawaru.
 10147 | D:7      | Noticed Regeox's ghost (novice HOFi)
 10761 | D:7      | Found an opulent altar of Gozag.
 11655 | D:8      | Noticed Psyche
 11679 | D:8      | Killed Psyche
 11679 | D:8      | Reached XP level 10. HP: 52/87 MP: 0/19
 11800 | D:8      | Reached * piety under Makhleb
 12371 | D:8      | Reached skill level 5 in Fighting
 12544 | D:8      | Found a staircase to the Lair.
 12872 | D:8      | Found an iron altar of Okawaru.
 12960 | D:8      | Reached skill level 5 in Invocations
 13158 | D:8      | Reached skill level 10 in Necromancy
 13223 | D:8      | Found an ancient bone altar of Kikubaaqudgha.
 13801 | D:9      | Noticed a two-headed ogre
 13808 | D:9      | Killed a two-headed ogre
 13808 | D:9      | Reached skill level 1 in Armour
 13836 | D:9      | Reached ** piety under Makhleb
 14475 | D:9      | Reached XP level 11. HP: 75/97 MP: 12/22
 14583 | D:9      | Found a sparkling altar of Nemelex Xobeh.
 14871 | D:9      | Noticed a two-headed ogre
 14879 | D:9      | Killed a two-headed ogre
 15039 | D:9      | Noticed Blork the orc
 15051 | D:9      | Killed Blork the orc
 15168 | D:9      | Reached *** piety under Makhleb
 15966 | D:10     | Entered Level 10 of the Dungeon
 16752 | D:10     | Reached skill level 1 in Maces & Flails
 17062 | D:11     | Noticed Erica
 17238 | D:11     | Noticed a cyan ugly thing
 17249 | D:11     | Slain by a purple ugly thing

Vault maps used:
D:1:      saegor_arrival_simple_d, minmay_misc_feat_room
D:2:      marbit_many_paths, nicolae_overflow_crystal_walls, first_bread,
          uniq_sigmund
D:3:      cheibrodos_old_hovel, lemuel_doored_altar, minmay_misc_feat_plants,
          nicolae_qazlal_general_emergency
D:4:      serial_shops, kennysheep_mini, nicolae_ashenzari_panopticon,
          uniq_pikel, uniq_ijyb, uniq_menkaure
D:5:      gammafunk_temple_overflow_pools, portal_sewer_entry_b, st_stairs_11,
          uniq_crazy_yiuf_cottage
D:6:      eat_drink_and_be_merry_uskayaw, minmay_temple_entry_trees,
          minmay_misc_feat_ornament
D:7:      kennysheep_little_box, okawaru_gym_becter, grunt_gozag_breadcrumbs,
          hangedman_abyss_or_decor_passed, the_bakery
D:8:      lemuel_crystal_altar, minmay_lair_entry_grove,
          david_defended_altar_orc, uniq_psyche
D:9:      nicolae_overflow_hidden_temple, small_statue_alley_b, sword_in_stone
D:11:     cheibrodos_wizards_tower, serial_shops, shop, shop, shop,
          shop_fountains, kennysheep_boxes, uniq_erica, uniq_grum
Temple:   cyrus_temple_forest
Sewer:    sewer_co_tree

Skill      XL: |  1  2  3  4  5  6  7  8  9 10 11 |
---------------+----------------------------------+-----
Spellcasting   | 2 3 4 5 6 7 |  7.6
Dodging        | 4 5 6 7 8 9 |  9.9
Necromancy     | 5 6 7 8 9 10 | 10.6
Fighting       | 2 4 5 6 |  6.1
Invocations    | 3 6 |  6.9
Armour         | 2 3 |  3.1
Maces & Flails | 1 |  1.1
Stealth        | |  2.4
Shields        | |  0.9

Action                   |  1- 3 |  4- 6 |  7- 9 | 10-12 || total
-------------------------+-------+-------+-------+-------++-------
Melee: Unarmed           |     5 |       |     6 |       ||    11
       Dagger            |    10 |     9 |     2 |       ||    21
       Whip              |       |       |   280 |   235 ||   515
       Battleaxe         |       |       |       |    32 ||    32
 Cast: Pain              |    49 |    26 |    94 |    60 ||   229
       Animate Skeleton  |     8 |    17 |     3 |     3 ||    31
       Vampiric Draining |     2 |    34 |   117 |   123 ||   276
       Animate Dead      |       |       |    28 |    24 ||    52
       Control Undead    |       |       |    28 |     2 ||    30
Invok: Minor Destruction |       |       |       |     1 ||     1
Evoke: Wand              |       |       |       |     4 ||     4
  Use: Scroll            |       |     8 |     8 |     3 ||    19
       Potion            |       |       |     4 |     5 ||     9
 Stab: Sleeping          |     1 |     1 |     1 |       ||     3
       Distracted        |       |       |     1 |     1 ||     2
  Eat: Chunk             |     5 |    10 |    12 |    11 ||    38
       Fruit             |       |     2 |    10 |     4 ||    16
       Bread ration      |       |       |     2 |       ||     2
       Meat ration       |       |       |     2 |     1 ||     3
       Royal jelly       |       |       |       |     1 ||     1
Armor: Robe              |     7 |     6 |     2 |       ||    15
       Leather armour    |       |       |    97 |   104 ||   201
Dodge: Dodged            |    20 |    49 |   343 |   489 ||   901
Block: Shield            |       |       |       |    12 ||    12

Table legend:
 A = Spawn XP
 B = Non-spawn XP
 C = Spawn XP percentage of total XP
 D = Spawn monster count
 E = Non-spawn monster count
 F = Spawn count percentage of total count
 G = Total turns spent on level
                    A         B        C        D         E        F      G
               +---------+---------+-------+---------+---------+-------+---------
         Total |       0 |   14785 |   0.0 |       0 |     271 |   0.0 | 17249
               +---------+---------+-------+---------+---------+-------+---------
           D:1 |       0 |      20 |   0.0 |       0 |      14 |   0.0 |  1745
           D:2 |       0 |     263 |   0.0 |       0 |      20 |   0.0 |  1591
           D:3 |       0 |     846 |   0.0 |       0 |      24 |   0.0 |  1805
           D:4 |       0 |     836 |   0.0 |       0 |      26 |   0.0 |  1393
           D:5 |       0 |     637 |   0.0 |       0 |      22 |   0.0 |   818
           D:6 |       0 |     421 |   0.0 |       0 |       9 |   0.0 |   955
           D:7 |       0 |    1217 |   0.0 |       0 |      25 |   0.0 |  2102
           D:8 |       0 |    3783 |   0.0 |       0 |      41 |   0.0 |  2018
           D:9 |       0 |    4585 |   0.0 |       0 |      51 |   0.0 |  2120
          D:10 |       0 |    1134 |   0.0 |       0 |      10 |   0.0 |  1174
          D:11 |       0 |     119 |   0.0 |       0 |       1 |   0.0 |   109
         Sewer |       0 |     924 |   0.0 |       0 |      28 |   0.0 |  1201
               +---------+---------+-------+---------+---------+-------+---------
